 Dungeon Crawl Stone Soup version 0.19-a0-1111-gcceb26a (webtiles) character file.

848 aronpayne the Chucker (level 8, 0/59 HPs)
             Began as a Human Wanderer on Aug 11, 2016.
             Killed by divine providence
             ... invoked by an orc priest
              (12 damage)
             ... on level 5 of the Dungeon.
             The game lasted 00:26:59 (5960 turns).

aronpayne the Chucker (Human Wanderer)              Turns: 5960, Time: 00:27:00

Health: 0/59       AC: 12    Str: 22    XL:     8   Next: 20%
Magic:  8/8        EV:  9    Int: 11    God:
Gold:   273        SH:  0    Dex: 12    Spells: 0 memorised, 7 levels left

rFire  . . .     SeeInvis .     w - +0 falchion
rCold  . . .     Gourm    .     o - +0 chain mail
rNeg   . . .     Faith    .     (no shield)
rPois  .         Spirit   .     (no helmet)
rElec  .         Dismiss  .     (no cloak)
rCorr  .         Reflect  .     (no gloves)
SustAt .         Harm     .     y - +0 pair of boots
MR     .....                    (no amulet)
Stlth  ..........               x - +2 ring of protection
                                m - +5 ring of strength

@: slowed, very slow
A: no striking features
a: no special abilities


You were on level 5 of the Dungeon.
You were not hungry.

You visited 1 branch of the dungeon, and saw 5 of its levels.
You also visited: Sewer.

You collected 273 gold pieces.

Inventory:

Hand Weapons
 b - a +2 blowgun
 w - a +0 falchion (weapon)
Missiles
 c - 78 poisoned needles
Armour
 o - a +0 chain mail (worn)
 y - a +0 pair of boots (worn)
Magical Staves
 v - an uncursed staff of earth
Jewellery
 h - an uncursed ring of poison resistance
 l - an uncursed ring of magical power
 m - a +5 ring of strength (left hand)
 x - a +2 ring of protection (right hand)
Scrolls
 a - a scroll of fog {unknown}
 d - 5 scrolls of teleportation
 e - 4 scrolls of remove curse {unknown}
 g - a scroll of fear {unknown}
 i - a scroll of enchant armour {unknown}
 j - 7 scrolls of identify
 k - a scroll of enchant weapon {unknown}
 p - 2 scrolls of blinking {unknown}
 t - a scroll of amnesia {unknown}
 u - a scroll of recharging {unknown}
Potions
 r - a potion of flight
 A - a potion of beneficial mutation {unknown}
Comestibles
 f - 3 bread rations
 n - 2 beef jerkies
 s - a slice of pizza


   Skills:
 + Level 3.6 Fighting
   Level 0.6(2.6) Short Blades
 * Level 4.2 Long Blades
   Level 2.0 Axes
 - Level 3.0 Staves
 + Level 4.3 Throwing
 + Level 4.2 Armour
 + Level 3.1 Dodging


You had 7 spell levels left.
You didn't know any spells.

Dungeon Overview and Level Annotations

Branches:
Dungeon (5/15)
 Temple: D:4-7

Altars:


Message History

The orc priest hits you but does no damage.
You closely miss the orc priest. The orc priest barely misses you.
You hit the orc priest.
The orc priest is moderately wounded.
The orc priest hits you but does no damage. x2
You hit the orc priest but do no damage.
The orc priest is moderately wounded.
The orc priest hits you but does no damage.
The orc priest barely misses you.
All of the chunks of flesh in your inventory have rotted away.
You hit the orc priest.
The orc priest is moderately wounded.
The orc priest calls down the wrath of Beogh upon you.
You struggle to resist.
You hit the orc priest.
The orc priest is heavily wounded.
The orc priest closely misses you.
The orc priest mumbles some strange prayers to Beogh against you.
Beogh smites you!
You die...

#............. #....#
#............. ######..##
#..##......... #...M.).##
...###....... ######.#####..#
...##..##..# #..........##.#
...........# #..........##.##
...#.##...># #..>.......#...#
........##########.......[..#.###
..<..#......)..o@.............#
.....#.....#######..........###
##.....##### #..........#
.....### #..........# ##...#
############ #...# #...# #####


You could see an orc priest.

Vanquished Creatures
  Menkaure (D:5)
  A sky beast (D:5)
  An ogre (D:4)
  The ghost of Noname the Cutter, an amateur HaSk of Dithmenos (D:3)
  2 hounds (D:4)
  7 orc wizards (D:5)
  2 worker ants
  A hound skeleton (D:4)
  9 adders
  An ooze (D:4)
  A worm (D:2)
  A dart slug (D:4)
  5 giant geckos
  12 orcs
  4 giant cockroaches
  2 goblins
  7 hobgoblins
  11 jackals
  2 quokkas (D:3)
  2 ball pythons (Sewer)
  4 bats
  2 giant gecko skeletons
  5 giant newts
  11 kobolds
  A quokka skeleton (D:4)
  7 rats
  A plant (Sewer)
104 creatures vanquished.

Vanquished Creatures (others)
  A plant (Sewer)
1 creature vanquished.

Grand Total: 105 creatures vanquished

Notes
Turn   | Place    | Note
-------+----------+-------------------------------------------
     0 | D:1      | aronpayne the Human Wanderer began the quest for the Orb.
     0 | D:1      | aronpayne set off with: 2 curare-tipped needles, a +2 blowgun, a +0 ring mail, a scroll of teleportation, a bread ration
     0 | D:1      | Reached XP level 1. HP: 15/15 MP: 1/1
    66 | D:1      | Reached XP level 2. HP: 21/21 MP: 2/2
   880 | D:1      | Reached XP level 3. HP: 26/26 MP: 3/3
  2129 | D:2      | Reached XP level 4. HP: 31/32 MP: 4/4
  2183 | D:3      | Reached skill level 1 in Dodging
  2451 | D:3      | Noticed Noname's ghost (amateur HaSk)
  2571 | D:3      | Killed Noname's ghost
  2571 | D:3      | Reached skill level 1 in Long Blades
  2571 | D:3      | Reached XP level 5. HP: 13/38 MP: 5/5
  3520 | D:4      | Noticed an ogre
  3529 | D:4      | Killed an ogre
  3529 | D:4      | Reached XP level 6. HP: 15/46 MP: 6/6
  3762 | D:4      | Found a glowing drain.
  3766 | Sewer    | Entered a sewer
  4910 | D:5      | Entered Level 5 of the Dungeon
  4926 | D:4      | Reached XP level 7. HP: 38/52 MP: 7/7
  5324 | D:5      | Noticed Menkaure
  5388 | D:5      | Killed Menkaure
  5738 | D:5      | Reached XP level 8. HP: 38/58 MP: 8/8
  5960 | D:5      | Killed from afar by an orc priest

Vault maps used:
D:1:      dpeg_arrival_chase
D:2:      kennysheep_generic_room_6
D:4:      gup_sewer_entry_bowl, kennysheep_doodads, serial_bayou_crossing
D:5:      first_bread, uniq_menkaure
Sewer:    sewer_co_scattered_pipes

Skill      XL: |  1  2  3  4  5  6  7  8 |
---------------+-------------------------+-----
Dodging        | 1 2 3 |  3.1
Fighting       | 2 3 |  3.6
Long Blades    | 1 2 3 4 |  4.2
Throwing       | 3 4 |  4.3
Armour         | 3 4 |  4.2
Short Blades   | |  0.6
Axes           | |  2.0
Staves         | |  3.0

Action                   |  1- 3 |  4- 6 |  7- 9 || total
-------------------------+-------+-------+-------++-------
Melee: Short sword       |    47 |       |       ||    47
       Falchion          |       |   283 |   146 ||   429
 Fire: Blowgun           |    83 |    29 |     6 ||   118
  Use: Potion            |       |     7 |     3 ||    10
       Scroll            |       |     2 |       ||     2
  Eat: Chunk             |     2 |     4 |     1 ||     7
       Pizza             |     1 |     1 |       ||     2
       Meat ration       |       |     1 |     1 ||     2
Armor: Ring mail         |    37 |       |       ||    37
       Chain mail        |    25 |   153 |   106 ||   284
       Skin              |       |     3 |       ||     3
Dodge: Dodged            |    41 |   110 |    59 ||   210
